 Dungeon Crawl Stone Soup version 0.27-a0-277-g024f7ef292 (webtiles) character file.

Game seed: 17513520469646546590

113551 Borgoz the Warrior (level 16, -3/108 HPs)
             Began as a Gargoyle Berserker on Feb 5, 2021.
             Was the Champion of Trog.
             Slain by an orc warrior
             ... wielding a +0 trident
              (12 damage)
             ... on level 2 of the Orcish Mines.
             The game lasted 00:34:09 (28449 turns).

Borgoz the Warrior (Gargoyle Berserker)            Turns: 28449, Time: 00:34:10

Health: -3/108     AC: 43    Str: 22    XL:     16   Next: 63%
Magic:  16/16      EV: 17    Int:  9    God:    Trog [******]
Gold:   2065       SH:  5    Dex: 14    Spells: 15/15 levels left

rFire    + . .     SeeInvis .   a - +4 eveningstar (flame)
rCold    . . .     Faith    .   (no shield)
rNeg     + . .     Spirit   .   M - +7 plate armour of the Tuna {rPois rCorr}
rPois    ∞         Reflect  +   C - +2 hat
rElec    +         Harm     .   r - +0 cloak {Stlth+}
rCorr    +         Rampage  .   G - +0 pair of gloves
Will     +....                  N - +0 pair of boots
Stlth    ..........             t - amulet of reflection
HPRegen  0.28/turn              E - +4 ring of evasion
MPRegen  0.15/turn              D - ring of protection from fire

@: about to teleport, berserk cooldown, flying, slowed, invisible, very slow
A: big wings, negative energy resistance 1, electricity resistance, unbreathing,
petrification resistance, miasma immunity, AC +12
a: Stop Flying, Renounce Religion, Berserk, Trog's Hand, Brothers in Arms


You were on level 2 of the Orcish Mines.
You worshipped Trog.
Trog was exalted by your worship.
You visited 4 branches of the dungeon, and saw 24 of its levels.

You collected 2449 gold pieces.
You spent 384 gold pieces at shops.

Inventory:

Hand Weapons
 a - a +4 eveningstar of flaming (weapon)
 b - a +2 great mace
Missiles
 s - 6 throwing nets (quivered)
Armour
 r - a +0 cloak of stealth (worn)
 C - a +2 hat (worn)
 G - a +0 pair of gloves (worn)
 M - the +7 plate armour of the Tuna (worn) {rPois rCorr}
   (You acquired it on level 6 of the Lair of Beasts)

   It protects you from poison.
   It provides partial protection from all sources of acid and corrosion.
 N - a +0 pair of boots (worn)
Jewellery
 j - an uncursed ring of see invisible
 t - an amulet of reflection (around neck)
 D - a ring of protection from fire (right hand)
 E - a +4 ring of evasion (left hand)
 F - an uncursed ring of protection from cold
 I - an uncursed ring of resist corrosion
Wands
 n - a wand of mindburst (17)
 q - a wand of flame (19)
 u - a wand of paralysis (31)
 y - a wand of acid (19)
 B - a wand of digging (10)
 K - a wand of iceblast (33)
Scrolls
 d - 10 scrolls of teleportation
 f - 13 scrolls of remove curse
 g - 5 scrolls of blinking
 h - 5 scrolls of enchant armour
 k - 4 scrolls of fear
 l - a scroll of brand weapon
 m - 4 scrolls of enchant weapon
 o - 9 scrolls of identify
 p - 2 scrolls of magic mapping
 A - 4 scrolls of fog
 H - 4 scrolls of holy word
Potions
 c - 3 potions of heal wounds
 e - 5 potions of cancellation
 v - 3 potions of magic
 x - 3 potions of resistance
 z - 3 potions of berserk rage
 J - 2 potions of haste
 L - 8 potions of curing
 O - 4 potions of mutation


   Skills:
 + Level 15.4 Fighting
 * Level 15.0 Maces & Flails
 + Level 15.2 Armour
 * Level 12.8 Dodging


You had 15 spell levels left.
You didn't know any spells.
Your spell library was empty.

Dungeon Overview and Level Annotations

Branches:
Dungeon (15/15)            Temple (1/1) D:7            Lair (6/6) D:11
  Swamp (0/4) Lair:4       Spider (0/4) Lair:3        Slime (0/5) Lair:5
    Orc (2/2) D:9          Vaults (0/5) D:13         Depths (0/5) D:15
    Elf: Orc:2

Altars:
Ashenzari
Cheibriados
Dithmenos
Elyvilon
Fedhas
Gozag
Hepliaklqana
Kikubaaqudgha
Makhleb
Nemelex Xobeh
Okawaru
Qazlal
Ru
Sif Muna
Trog
Uskayaw
Vehumet
Wu Jian
Xom
Yredelemnul
Zin
The Shining One
Jiyva

Shops:
D:5 *   D:9 ([   D:14 *?

Portals:
Trove: D:14 (give 6 scrolls of blinking)


Innate Abilities, Weirdness & Mutations

You are resistant to torment.
Your stone body is resilient. (AC +12)
You are immune to poison.
Your large and strong wings let you fly indefinitely.
You resist negative energy. (rN+)
You are resistant to electric shocks. (rElec)
You can survive without breathing.
You are immune to petrification.
You are immune to miasma.


Message History

You feel much better.
The orc wizard no longer looks unusually strong.
You block the warg's attack. The orc knight closely misses you.
You block the orc warrior's attack.
The orc warrior hits you with a +0 trident!
* * * LOW HITPOINT WARNING * * *
The orc priest casts a cantrip, but nothing happens.
The orc warrior hits you with a cursed +0 short sword.
* * * LOW HITPOINT WARNING * * *
The orc warrior barely misses you. The warg bites you but does no damage.
The orc wizard casts a spell at itself.
The orc wizard flickers and vanishes!
The orc warrior misses you.
The orc warlord roars a battlecry!
The orc sorcerer barely misses you. The orc warrior barely misses you.
The orc knight closely misses you.
You fade into invisibility!
The warg closely misses you. The orc warrior misses you.
The orc warrior barely misses you.
The orc warrior hits you from afar with a +0 trident!
You die...

...............#
...............#
...............## .
................# ..
................# ...
...............#####....
.............).)8o{o....
...............ohoooo...
..............4o@oo{o...
...............oooo4....
...........#....8{oo....
...............#####....
)...............# ...
................# ..
...............## .
..............
.......... ....


You could see an orc warlord (strong), an orc knight (strong), a hellwing
(summoned), a rust devil (summoned), a warg, an orc sorcerer (strong), 9 orc
warriors, 2 orc priests and 3 orcs.

Vanquished Creatures
  Gastronok (Lair:1)
  The ghost of Huifron the Martial Artist, a journeyman GnTm of Cheibriados (D:13)
  A fire giant (D:15)
  The ghost of emiel the Basher, a journeyman NaWn of Cheibriados (Lair:6)
  Nessos (D:14)
  The ghost of Toral the Fighter, a journeyman BaSk of Qazlal (Lair:2)
  A death ooze (Lair:6)
  The ghost of soyboy the Cleaver, a journeyman MiBe of Trog (D:10)
  A rakshasa (D:15)
  Harold (D:8)
  Fannar (Lair:2)
  5 boulder beetles
  7 hydras
  4 catoblepae
  5 vault guards (D:13)
  5 centaur warriors
  Erica (D:11)
  3 ogre magi
  12 two-headed ogres
  2 death knights (D:13)
  A dancing weapon (D:13)
  18 death yaks
  2 tengu warriors
  An orc high priest (Orc:2)
  An unseen horror (D:13)
  A glowing orange brain (shapeshifter) (D:10)
  Pikel (D:5)
  An obsidian statue (D:13)
  2 orc knights (Orc:2)
  A deep elf pyromancer (D:12)
  2 wolf spider zombies
  9 ugly things
  4 orc sorcerers
  5 cyclopes
  6 manticores
  An oklob plant (Lair:5)
  4 black mambas
  A black mamba (shapeshifter) (D:15)
  Maurice (D:13)
  13 cane toads
  2 gargoyles
  10 komodo dragons
  A yaktaur (D:15)
  3 rime drakes
  A tengu conjurer (D:13)
  2 efreet (D:15)
  2 tyrant leeches
  5 jumping spiders (Lair:3)
  6 trolls
  3 polar bears
  20 blink frogs
  A hornet (D:8)
  A harpy zombie (D:14)
  2 slime creatures (Lair:6)
  A harpy skeleton (D:14)
  A meliai zombie (D:15)
  Sigmund (D:5)
  A human (D:13)
  5 redbacks (Lair:3)
  2 water elementals (D:14)
  2 basilisks
  5 wyverns
  62 yaks
  Eustachio (D:5)
  2 steam dragons
  2 vampire mosquitoes (D:14)
  A warg (Orc:2)
  6 swamp worms
  2 soldier ants
  2 acid dragons
  19 water moccasins
  An eye of draining (D:12)
  A meliai simulacrum (D:15)
  An ice beast (shapeshifter) (D:13)
  6 sky beasts
  2 black bears
  5 ice beasts
  13 orc warriors
  6 necrophages
  12 wolves
  11 centaurs
  9 ogres
  Blork the orc (D:6)
  6 phantoms
  2 big kobolds
  17 bullfrogs
  3 scorpions
  16 killer bees
  22 wights
  4 howler monkeys
  4 centaur zombies
  2 bullfrog zombies
  A quasit (D:7)
  7 hounds
  5 jellies
  2 bullfrog skeletons (D:12)
  A gnoll shaman (D:4)
  15 orc priests
  5 centaur skeletons
  Crazy Yiuf (D:3)
  Ijyb (D:3)
  15 orc wizards
  An iguana (D:12)
  10 worker ants
  2 hound zombies
  A hound skeleton (D:7)
  A worker ant zombie (D:7)
  A howler monkey zombie (D:6)
  10 gnolls (D:4)
  16 adders
  2 white imps
  2 ufetubi
  4 adder skeletons
  A worm (D:4)
  3 dart slugs
  9 leopard geckos
  53 orcs
  2 ball pythons
  A giant cockroach (D:7)
  5 hobgoblins
  9 jackals
  6 quokkas
  3 bats
  6 frilled lizards
  9 goblins
  15 kobolds
  A leopard gecko skeleton (D:4)
  A leopard gecko zombie (D:7)
  4 rats
679 creatures vanquished.

Vanquished Creatures (others)
  A yak (Lair:5)
  An orc wizard (D:9)
  An orc (D:8)
  13 fungi
  28 plants
44 creatures vanquished.

Grand Total: 723 creatures vanquished

Notes
Turn   | Place    | Note
-------+----------+-------------------------------------------
     0 | D:1      | Borgoz the Gargoyle Berserker began the quest for the Orb.
     0 | D:1      | Reached XP level 1. HP: 14/14 MP: 1/1
   622 | D:2      | Reached XP level 2. HP: 19/19 MP: 2/2
   877 | D:2      | Found a faded altar of an unknown god.
   982 | D:2      | Reached XP level 3. HP: 24/24 MP: 3/3
  1244 | D:2      | Reached XP level 4. HP: 28/29 MP: 4/4
  1334 | D:2      | Reached ** piety under Trog
  1407 | D:2      | Found a hazy altar of Hepliaklqana.
  1911 | D:3      | Found a broken altar of Ashenzari.
  2049 | D:3      | Found an ancient bone altar of Kikubaaqudgha.
  2085 | D:3      | Reached XP level 5. HP: 23/33 MP: 5/5
  2192 | D:3      | Found a runed translucent door.
  2193 | D:3      | Noticed Crazy Yiuf
  2372 | D:3      | Noticed Ijyb
  2382 | D:3      | Killed Ijyb
  2605 | D:3      | Found a basalt altar of Yredelemnul.
  2755 | D:3      | Killed Crazy Yiuf
  2967 | D:4      | Reached XP level 6. HP: 17/39 MP: 6/6
  3638 | D:4      | Reached *** piety under Trog
  3862 | D:4      | Found a white marble altar of Elyvilon.
  3867 | D:4      | Reached skill level 5 in Fighting
  3938 | D:4      | Found a radiant altar of Vehumet.
  4078 | D:5      | Entered Level 5 of the Dungeon
  4170 | D:5      | Noticed Eustachio
  4179 | D:5      | Found a burning altar of Makhleb.
  4179 | D:5      | Noticed a cacodemon
  4183 | D:5      | Killed Eustachio
  4184 | D:5      | Reached XP level 7. HP: 44/44 MP: 7/7
  4186 | D:5      | Noticed a ynoxinul
  4186 | D:5      | Noticed a hellwing
  4234 | D:5      | Found Bautiydgh's Assorted Antiques.
  4409 | D:5      | Bought a glowing ruby potion for 16 gold pieces
  4409 | D:5      | Bought a scroll labelled HAK TISSOUDE for 18 gold pieces
  4409 | D:5      | Bought a scroll labelled ESKOLEOSCHI for 18 gold pieces
  4409 | D:5      | Bought a scroll labelled RIOCLY QUGHUNA for 18 gold pieces
  4409 | D:5      | Bought a bubbling cyan potion for 16 gold pieces
  4409 | D:5      | Bought a scroll labelled XYUNNI YL WUTE for 18 gold pieces
  4420 | D:5      | Found an opulent altar of Gozag.
  4570 | D:5      | Reached skill level 5 in Maces & Flails
  4671 | D:5      | Noticed Pikel
  4671 | D:5      | Noticed Sigmund
  4737 | D:5      | Killed Pikel
  4738 | D:5      | Reached skill level 5 in Armour
  4738 | D:5      | Reached XP level 8. HP: 24/51 MP: 8/8
  4748 | D:5      | Killed Sigmund
  4882 | D:5      | Found a sacrificial altar of Ru.
  5207 | D:5      | Found a blossoming altar of Fedhas.
  5627 | D:6      | Noticed Blork the orc
  5638 | D:6      | Killed Blork the orc
  5795 | D:6      | Reached XP level 9. HP: 56/56 MP: 9/9
  6026 | D:6      | Reached skill level 5 in Dodging
  6392 | D:7      | Found a staircase to the Ecumenical Temple.
  6404 | Temple   | Entered the Ecumenical Temple
  6742 | D:7      | Found a sparkling altar of Nemelex Xobeh.
  7220 | D:7      | Reached **** piety under Trog
  7767 | D:8      | Reached XP level 10. HP: 48/64 MP: 10/10
  8088 | D:8      | Noticed Harold
  8114 | D:8      | Killed Harold
  8639 | D:9      | Reached ***** piety under Trog
  8646 | D:9      | Found Gymeeteg's Armour Emporium.
  8893 | D:9      | Found a staircase to the Orcish Mines.
  8895 | D:9      | Found Ethraklo's Weapon Emporium.
  9044 | D:9      | Found an iron altar of Okawaru.
  9731 | D:10     | Entered Level 10 of the Dungeon
  9801 | D:10     | Found a transporter.
  9921 | D:10     | Noticed a centaur warrior
  9925 | D:10     | Noticed a two-headed ogre
  9932 | D:10     | Killed a centaur warrior
  9933 | D:10     | Reached XP level 11. HP: 59/72 MP: 11/11
  9940 | D:10     | Killed a two-headed ogre
 10027 | D:10     | Reached skill level 10 in Fighting
 10129 | D:10     | Noticed a glowing orange brain
 10141 | D:10     | Killed a glowing orange brain
 10740 | D:10     | Noticed soyboy's ghost (journeyman MiBe)
 10742 | D:10     | Noticed a two-headed ogre
 10794 | D:10     | Noticed a boulder beetle
 10805 | D:10     | Killed a boulder beetle
 10806 | D:10     | Reached skill level 10 in Armour
 11318 | D:10     | Found a transporter.
 11414 | D:10     | Killed soyboy's ghost
 11421 | D:10     | Killed a two-headed ogre
 11609 | D:11     | Noticed a cyclops
 11618 | D:11     | Killed a cyclops
 11701 | D:11     | Noticed Erica
 11718 | D:11     | Killed Erica
 11719 | D:11     | Reached skill level 10 in Maces & Flails
 11958 | D:11     | Received a gift from Trog
 11961 | D:11     | Got a warped executioner's axe {god gift}
 11962 | D:11     | Identified the +7 executioner's axe of Contention {vorpal,
                  | +Rage rElec Will++ Str-5 Dex+3} (Trog gifted it to you on
                  | level 11 of the Dungeon)
 12021 | D:11     | Reached XP level 12. HP: 79/79 MP: 12/12
 12838 | D:11     | Found a staircase to the Lair.
 13879 | D:13     | Noticed a boulder beetle
 13880 | D:13     | Found a runed translucent door.
 13924 | D:13     | Killed a boulder beetle
 14096 | D:13     | Found a runed translucent door.
 14112 | D:13     | Noticed a death knight
 14113 | D:13     | Found a runed translucent door.
 14129 | D:13     | Killed a death knight
 14357 | D:13     | Reached XP level 13. HP: 86/86 MP: 13/13
 14448 | D:13     | Found a runed translucent door.
 14448 | D:13     | Found a shimmering altar of Xom.
 14448 | D:13     | Noticed Huifron's ghost (journeyman GnTm)
 14541 | D:13     | Killed Huifron's ghost
 15003 | D:13     | Noticed a vault guard
 15308 | D:13     | Killed a vault guard
 15315 | D:13     | Noticed a vault guard
 15329 | D:13     | Killed a vault guard
 15330 | D:13     | Paralysed by something for 5 turns
 15413 | D:13     | Noticed a vault guard
 15430 | D:13     | Killed a vault guard
 15431 | D:13     | Reached skill level 10 in Dodging
 15456 | D:13     | Found a gate to the Vaults.
 15456 | D:13     | Noticed a vault guard
 15457 | D:13     | Noticed a vault guard
 15466 | D:13     | Killed a vault guard
 15489 | D:13     | Killed a vault guard
 15742 | D:13     | Found a runed translucent door.
 15796 | D:13     | Noticed Maurice
 15804 | D:13     | Killed Maurice
 16157 | D:14     | Gained mutation: Your large and strong wings let you fly
                  | indefinitely. [Gargoyle growth]
 16157 | D:14     | Reached XP level 14. HP: 91/94 MP: 14/14
 16387 | D:14     | Found Daolar's Magic Scroll Boutique.
 16394 | D:14     | Bought a scroll of identify for 28 gold pieces
 16394 | D:14     | Bought a scroll of identify for 28 gold pieces
 16394 | D:14     | Bought a scroll of identify for 28 gold pieces
 16394 | D:14     | Bought a scroll of identify for 28 gold pieces
 16394 | D:14     | Bought 2 scrolls of identify for 56 gold pieces
 16394 | D:14     | Bought a scroll of identify for 28 gold pieces
 16394 | D:14     | Bought 2 scrolls of identify for 56 gold pieces
 16404 | D:14     | Bought a scroll of identify for 28 gold pieces
 16864 | D:14     | Found a glowing golden altar of the Shining One.
 16959 | D:14     | Found a portal to a secret trove of treasure.
 16959 | D:14     | Noticed Nessos
 16990 | D:14     | Killed Nessos
 17317 | D:14     | Found Cast's General Store.
 17677 | D:15     | Entered Level 15 of the Dungeon
 17905 | D:15     | Found a staircase to the Depths.
 17905 | D:15     | Noticed a fire giant
 18992 | D:15     | Killed a fire giant
 19421 | Lair:1   | Entered Level 1 of the Lair of Beasts
 19954 | Lair:1   | Noticed Gastronok
 19973 | Lair:1   | Killed Gastronok
 19974 | Lair:1   | Reached XP level 15. HP: 100/100 MP: 15/15
 20593 | Lair:2   | Received a gift from Trog
 20708 | Lair:2   | Noticed Fannar
 20725 | Lair:2   | Killed Fannar
 20795 | Lair:2   | Found a runed translucent gate.
 20796 | Lair:2   | Found a runed translucent gate.
 20796 | Lair:2   | Found a runed translucent gate.
 20797 | Lair:2   | Noticed Toral's ghost (journeyman BaSk)
 20849 | Lair:2   | Killed Toral's ghost
 21037 | Lair:2   | Found an ancient bone altar of Kikubaaqudgha.
 21791 | Lair:3   | Found a hole to the Spider Nest.
 22621 | Lair:3   | Got a smelly ring mail
 22632 | Lair:3   | Identified the +3 ring mail "Lesung" {Str+4} (You found it
                  | on level 3 of the Lair of Beasts)
 24187 | Lair:4   | Found a staircase to the Swamp.
 24371 | Lair:4   | Received a gift from Trog
 24914 | Lair:5   | Found a staircase to the Slime Pits.
 25406 | Lair:5   | Found an ancient bone altar of Kikubaaqudgha.
 25416 | Lair:5   | Reached skill level 15 in Fighting
 25861 | Lair:6   | Entered Level 6 of the Lair of Beasts
 26051 | Lair:6   | Reached XP level 16. HP: 108/108 MP: 16/16
 26147 | Lair:6   | Identified a scroll of acquirement
 26361 | Lair:6   | Found a runed translucent gate.
 26362 | Lair:6   | Found a runed translucent gate.
 26363 | Lair:6   | Found a runed translucent gate.
 26365 | Lair:6   | Noticed emiel's ghost (journeyman NaWn)
 26370 | Lair:6   | Found a viscous altar of Jiyva.
 26382 | Lair:6   | Killed emiel's ghost
 26384 | Lair:6   | Reached skill level 15 in Armour
 26395 | Lair:6   | Reached ****** piety under Trog
 26567 | Lair:6   | Received a gift from Trog
 27301 | Lair:6   | Found the +10 tower shield of Ignorance {rN+ Int-4}
 27687 | Lair:6   | Acquired the +7 plate armour of the Tuna {rPois rCorr}
 27942 | Orc:1    | Entered Level 1 of the Orcish Mines
 28232 | Orc:2    | Entered Level 2 of the Orcish Mines
 28306 | Orc:2    | Reached skill level 15 in Maces & Flails
 28447 | Orc:2    | HP: 2/108 [orc warrior/+0 trident (16)]
 28449 | Orc:2    | Slain by an orc warrior

Illustrated notes

Levels and vault maps discovered:
D:1:      evilmike_arrival_plus, layout_basic
D:2:      layout_loops_corners, nzn_hepliaklqana_mist_gate,
          chequers_ecumenical_altar_simple_redux
D:3:      layout_loops_ring, nicolae_overflow_hidden_temple,
          kiku_gazebo_garden_becter, lemuel_crystal_altar, kennysheep_potato,
          uniq_crazy_yiuf_cottage, uniq_ijyb
D:4:      layout_basic, elyvilon_altar_5, lemuel_crystal_altar
D:5:      layout_loops_ring, makhleb_altar_promises_db,
          nicolae_overflow_crystal_walls, nicolae_ru_path_of_blood,
          kennysheep_little_box, serial_shops, nicolae_shop_waterfront,
          uniq_eustachio, uniq_pikel, uniq_sigmund
D:6:      layout_rooms, st_stairs_10, hangedman_decor_growths,
          uniq_blork_the_orc
D:7:      layout_loops_cross, minmay_temple_entry_stoned_glass,
          nemelex_xobeh_ov_fountains_minmay
D:8:      layout_rooms, serial_aquarium, aquarium_bridge_square
          [aquarium_subvault_bridge, aquarium_subvault_wall,
          aquarium_subvault_wall, aquarium_subvault_window], aquarium_window_3,
          aquarium_window_fake, aquarium_view_2d, aquarium_view_2d, uniq_harold
D:9:      layout_basic, kennysheep_mini, orc_david_3
D:10:     layout_layer_cave, gammafunk_ghost_smash
D:11:     layout_basic, erik_lair_dragon, grunt_ministairs_14, uniq_erica
D:12:     layout_rooms, st_stairs_6
D:13:     layout_roguey, grunt_vaults_entry_fortified, ebering_ghost_xom,
          minmay_statue_crystal_thing, uniq_maurice
D:14:     layout_rooms, serial_shops, nicolae_shop_crystal, nicolae_shop_stone,
          nrook_pool_corridor, enter_trove_1, nicolae_tso_carved_into_rock,
          uniq_nessos
D:15:     grunt_enter_depths_giant_problem, layout_stronghold,
          hangedman_decor_peaks_small
Temple:   grunt_temple_mini_profane
Lair:1:   layout_layer_cave, worms_lemuel, uniq_gastronok
Lair:2:   layout_long_grid, ebering_ghost_rock_garden, basic_altar, uniq_fannar
Lair:3:   layout_layer_cave, nicolae_spider_entry_tight_spaces
Lair:4:   layout_regular_city, minmay_swamp_entry_worms, grunt_megastairs_1
Lair:5:   layout_gridlike, dpeg_slime_entry_corner, lemuel_oklob_altar,
          grunt_megastairs_2
Lair:6:   evilmike_catoblepas_cave, layout_regular_city, gammafunk_ghost_ooze
Orc:1:    layout_caves
Orc:2:    grunt_orc_cross, layout_caves

Skill      XL: |  1  2  3  4  5  6  7  8  9 10 11 12 13 14 15 16 |
---------------+-------------------------------------------------+-----
Dodging        | 2 3 4 5 7 8 9 10 11 12 | 12.8
Armour         | 3 4 5 6 7 9 10 11 12 14 15 | 15.2
Fighting       | 4 5 6 8 9 10 12 13 14 15 | 15.4
Maces & Flails | 4 5 6 7 8 10 11 12 13 14 15 | 15.0

Action                   |  1- 3 |  4- 6 |  7- 9 | 10-12 | 13-15 | 16-18 || total
-------------------------+-------+-------+-------+-------+-------+-------++-------
Melee: Mace              |    76 |    67 |       |       |       |       ||   143
       Flail             |       |   137 |   147 |       |       |       ||   284
       Dire flail        |       |       |   259 |   755 |  1271 |       ||  2285
       Eveningstar       |       |       |       |       |   146 |   303 ||   449
Invok: Berserk           |       |     8 |     4 |     9 |    18 |     6 ||    45
       Trog's Hand       |       |       |     3 |     2 |     2 |       ||     7
 Abil: Fly               |       |       |       |       |     1 |       ||     1
  Use: Scroll            |       |       |     7 |    12 |    16 |     3 ||    38
       Potion            |       |       |     1 |     1 |     3 |     2 ||     7
 Stab: Sleeping          |     2 |     1 |       |       |       |       ||     3
       Distracted        |       |       |       |       |     1 |       ||     1
       Petrified         |       |       |       |       |       |    13 ||    13
Armor: Animal skin       |    32 |    38 |       |       |       |       ||    70
       Ring mail         |       |    50 |   194 |   167 |    71 |    65 ||   547
       Acid dragon scale |       |       |       |    63 |       |       ||    63
       Chain mail        |       |       |       |    32 |   472 |       ||   504
       Plate armour      |       |       |       |       |       |    60 ||    60
Dodge: Dodged            |    58 |   143 |   346 |   560 |   865 |   262 ||  2234
Block: Other             |       |       |   117 |   152 |   218 |    74 ||   561
       Reflection        |       |       |     3 |     6 |     8 |     1 ||    18

Table legend: (Time is in decaauts)
 A = Elapsed time spent in this place.
 B = Non-inter-level travel time spent in this place.
 C = Inter-level travel time spent in this place.
 D = Time resting spent in this place.
 E = Time spent auto-exploring this place.
 F = Levels seen in this place.
 G = Mean time per level.
                   A        B        C        D        E       F      G
               +--------+--------+--------+--------+--------+-----+--------+
         Total |  28197 |  27015 |   1182 |   4124 |  18035 |  24 | 1174.9 |
       Dungeon |  19246 |  18470 |    776 |   3238 |  11576 |  15 | 1283.1 |
        Temple |    271 |    233 |     38 |     53 |    180 |   1 |  271.0 |
          Lair |   8198 |   7844 |    354 |    832 |   5953 |   6 | 1366.3 |
  Orcish Mines |    481 |    469 |     12 |      0 |    325 |   2 |  240.5 |
               +--------+--------+--------+--------+--------+-----+--------+

Top non-repeatable levels by time:
    D:13: 2319 daAuts
  Lair:3: 2024 daAuts
    D:10: 1869 daAuts
  Lair:6: 1845 daAuts
    D:11: 1593 daAuts
    D:15: 1574 daAuts
    D:14: 1529 daAuts
     D:4: 1359 daAuts
     D:9: 1243 daAuts
     D:5: 1242 daAuts
  Lair:4: 1200 daAuts
     D:3: 1173 daAuts
     D:2: 1157 daAuts
  Lair:1: 1120 daAuts
     D:7: 1106 daAuts
